 Dungeon Crawl Stone Soup version 0.29-a0-96-g93358da72b (webtiles) character file.

Game seed: 5746700054884806369

26156 siradein the Grappler (level 13, -1/117 HPs)
             Began as a Naga Transmuter on Feb 11, 2022.
             Was the Champion of Cheibriados.
             Slain by a minotaur (32 damage)
             ... in a Gauntlet.
             The game lasted 01:16:38 (13503 turns).

siradein the Grappler (Naga Transmuter)            Turns: 13503, Time: 01:16:39

Health: -1/117     AC:  6    Str: 28    XL:     13   Next: 24%
Magic:  24/24      EV: 33    Int: 33    God:    Cheibriados [******]
Gold:   545        SH:  0    Dex: 32    Spells: 2/27 levels left

rFire   . . .      SeeInvis +     - Unarmed
rCold   . . .      Faith    .   (shield currently unavailable)
rNeg    . . .      Spirit   .   (armour currently unavailable)
rPois   x          Reflect  .   (helmet currently unavailable)
rElec   .          Harm     .   (cloak currently unavailable)
rCorr   .          Rampage  .   (gloves currently unavailable)
Will    +....      NoTele   +   (no barding)
Stlth   ++........              k - amulet of regeneration
HPRegen 1.09/turn               c - +4 ring of protection
MPRegen 0.19/turn               Q - +4 ring of evasion

@: spider-form, very slow
A: venomous fangs, AC +4, tiny, see invisible, (deformed body), (poison
resistance), (slowness 2), spit poison 1, (naga tail 2)
a: Spit Poison, End Transformation, Renounce Religion, Bend Time, Temporal
Distortion, Slouch, Step From Time


You were in a Gauntlet.
You worshipped Cheibriados.
Cheibriados was exalted by your worship.
You were a venomous arachnid creature.
You visited 2 branches of the dungeon, and saw 15 of its levels.
You also visited: Ossuary and Gauntlet.

You collected 1167 gold pieces.
You spent 622 gold pieces at shops.

Inventory:

Armour
 b - a +0 helmet (melded)
 d - a +0 barding (melded)
 s - a +1 cloak of preservation (melded)
 y - a +0 pair of gloves (melded)
 M - the +2 troll leather armour of Benevolence (melded) {rF++ rN+++ Regen+ Str-4 Dex-2}
   (You bought it in a shop on level 5 of the Dungeon)

   Str:       It affects your strength (-4).
   Dex:       It affects your dexterity (-2).
   rF:        It greatly protects you from fire.
   rN:        It renders you almost immune to negative energy.
   Regen:     It increases your rate of health regeneration.
Magical Staves
 T - a staff of cold (melded)
 Y - a staff of air
Jewellery
 c - a +4 ring of protection (left front leg)
 k - an amulet of regeneration (around neck)
 n - the ring of the Sun {rN+ Dex+2}
   (You found it on level 2 of the Dungeon)

   [ring of positive energy]

   Dex:       It affects your dexterity (+2).
   rN:        It protects you from negative energy.
 p - a ring of positive energy
 D - a +6 ring of dexterity
 P - a +6 ring of intelligence
 Q - a +4 ring of evasion (right front leg)
 R - a ring of magical power
 W - a ring of magical power
 X - an amulet of magic regeneration
Wands
 f - a wand of polymorph (11)
 r - a wand of digging (9)
 E - a wand of acid (20)
 G - a wand of mindburst (26)
 N - a wand of charming (9)
 O - a wand of paralysis (18)
 S - a wand of flame (12)
 Z - a wand of iceblast (5)
Scrolls
 a - a scroll of holy word
 e - 2 scrolls of blinking
 g - 7 scrolls of teleportation
 h - 3 scrolls of noise {unknown}
 j - 2 scrolls of enchant armour {unknown}
 l - 3 scrolls of fog {unknown}
 o - 6 scrolls of amnesia {unknown}
 w - 2 scrolls of fear {unknown}
 x - 2 scrolls of torment {unknown}
 z - 2 scrolls of silence {unknown}
 A - 4 scrolls of vulnerability {unknown}
 L - a scroll of immolation {unknown}
Potions
 i - 5 potions of attraction
 m - a potion of haste {unknown}
 q - 3 potions of curing
 t - 2 potions of magic
 u - 4 potions of mutation {unknown}
 v - 4 potions of flight
 B - 6 potions of heal wounds {unknown}
 C - 3 potions of brilliance {unknown}
 H - 3 potions of cancellation {unknown}
 I - 2 potions of invisibility {unknown}
 J - a potion of lignification {unknown}
 K - a potion of resistance {unknown}
 U - 3 potions of might {unknown}
Miscellaneous
 F - a tin of tremorstones (2/2)
 V - a box of beasts


   Skills:
 + Level 8.0 Fighting
 + Level 6.8 Dodging
 + Level 8.7 Unarmed Combat
 + Level 7.6 Spellcasting
 - Level 2.9 Translocations
 + Level 8.4 Transmutations
 - Level 6.1 Ice Magic
 + Level 5.1 Earth Magic
 - Level 6.0 Poison Magic
 + Level 8.5 Invocations
 + Level 3.7 Evocations


You had 2 spell levels left.
You knew the following spells:

 Your Spells              Type           Power      Damage    Failure   Level
a - Beastly Appendage     Tmut           100%       N/A       1%          1
b - Wereblood             Tmut           62%        N/A       2%          2
c - Spider Form           Tmut/Pois      57%        N/A       3%          3
d - Ice Form              Ice/Tmut       57%        N/A       8%          4
e - Statue Form           Tmut/Erth      36%        N/A       56%         6
f - Blink                 Tloc           64%        N/A       7%          2
g - Storm Form            Tmut/Air       20%        N/A       100%        7

Your spell library contained the following spells:

 Spells                   Type           Power      Damage    Failure   Level
 Summon Small Mammal      Summ           48%        N/A       12%         1
 Call Imp                 Summ           12%        N/A       16%         2
 Frozen Ramparts          Ice            100%       1d12      4%          3
 Summon Ice Beast         Ice/Summ       32%        N/A       26%         4
 Lee's Rapid Deconstruct  Erth           23%        3d14*     28%         5
 Leda's Liquefaction      Hex/Erth       14%        N/A       30%         4
 Manifold Assault         Tloc           32%        N/A       52%         5
 Summon Lightning Spire   Summ/Air       12%        N/A       58%         4
 Freezing Cloud           Conj/Ice/Air   13%        6-21      63%         5
 Simulacrum               Ice/Necr       16%        N/A       95%         6
 Summon Hydra             Summ           6%         N/A       100%        7
 Maxwell's Capacitive Co  Air            6%         ∞         100%        8
 Polar Vortex             Ice            26%        N/A       100%        9


Dungeon Overview and Level Annotations

Branches:
Dungeon (11/15)            Temple (0/1) D:4            Lair (4/6) D:9
  Swamp (0/4) Lair:3       Spider (0/4) Lair:3          Orc (0/2) D:11
Ossuary (visited)         Gauntlet (1/1)

Altars:
Ashenzari
Cheibriados
Elyvilon
Fedhas
Kikubaaqudgha
Nemelex Xobeh
Uskayaw
Wu Jian
Xom
Zin

Shops:
D:1 =   D:5 [(?   D:10 *

Annotations:
D:3 1 runed translucent door, Crazy Yiuf
D:8 2 transporters
D:10 exclusion: orange crystal statue Gauntlet 8 transporters


Innate Abilities, Weirdness & Mutations

You are a venomous arachnid creature.
You have poisonous fangs.
You are tiny and dextrous.
Your spellcasting is less reliable in this form.
Your armour is entirely melded.
You are incapable of wielding weapons or throwing items.
((Your serpentine skin is tough. (AC +4)))
You have supernaturally acute eyesight. (SInv)
((Armour fits poorly on your strangely shaped body.))
((Your system is resistant to poisons. (rPois)))
((You cover ground very slowly.))
You can spit poison.
((You can use your snake-like lower body to constrict enemies.))


Message History

The minotaur closely misses you. The minotaur completely misses you.
You bite the minotaur!
The minotaur looks as sick as possible!
The minotaur is lightly wounded.
You hit the minotaur but do no damage.
The minotaur looks as sick as possible!
The minotaur is lightly wounded.
The minotaur barely misses you. The minotaur gores you!
You bite the minotaur!
The minotaur looks as sick as possible!
The minotaur is moderately wounded.
The minotaur misses you. The minotaur gores you!
You bite the minotaur!
The minotaur looks as sick as possible!
The minotaur is moderately wounded.
The minotaur hits you with a +1 rapier of holy wrath!!
The minotaur gores you but does no damage.
You hit the minotaur.
The minotaur looks as sick as possible!
The minotaur is moderately wounded.
The minotaur misses you. The minotaur gores you!
The minotaur drinks a potion.
The minotaur is healed!
The minotaur looks more healthy.
You hit the minotaur but do no damage.
The minotaur is poisoned.
The minotaur is moderately wounded.
The minotaur completely misses you. The minotaur barely misses you.
The minotaur drinks a potion.
The minotaur is healed!
The minotaur looks more healthy.
The minotaur misses you. The minotaur gores you.
The minotaur closely misses you. The minotaur completely misses you.
You hit the minotaur but do no damage.
The minotaur is poisoned.
The minotaur is moderately wounded.
You bite the minotaur!
The minotaur looks as sick as possible!
The minotaur is heavily wounded.
The minotaur misses you. The minotaur completely misses you.
The minotaur throws a silver javelin.
The silver javelin misses you.
You bite the minotaur!
The minotaur looks as sick as possible!
The minotaur is heavily wounded.
The minotaur barely misses you. The minotaur closely misses you.
The minotaur hits you with a +1 rapier of holy wrath!!
* * * LOW HITPOINT WARNING * * *
The minotaur gores you.
* * * LOW HITPOINT WARNING * * *
The minotaur hits you with a +1 rapier of holy wrath!!
You die...

.#.....#...#.# #.#
##.....#.©.#.# #.#
....∩..#.....# #.#
##.....#.©.### #.#
J#.....#...#.# ##.#.#
##...P.#.©.#.####....#.#
##...♣.#...#......####.#
©#..P..#.♣.#.######....#
"#.♣..##...#...Hs...####
)#.P.###.♣.##########
?#...≈##...# ##.P.≈≈# #
# ...♣.≈## ##...##
D#...≈## =#.P.≈≈#
.#.♣.≈##


You could see a minotaur (extremely poisoned).

Vanquished Creatures
  2 hydras (Lair:3)
  4 two-headed ogres
  4 death yaks (Gauntlet)
  Pikel (D:4)
  A wolf spider (Lair:3)
  A cyclops (D:11)
  A torpor snail (Gauntlet)
  A black mamba (Lair:2)
  A centaur zombie (D:10)
  A rust devil (Gauntlet)
  5 cane toads
  7 komodo dragons
  A kobold demonologist (D:10)
  2 unseen horrors (D:11)
  Maggie (D:10)
  2 polar bears
  2 trolls
  A hornet (D:8)
  The ghost of Cecur the Firebug, an amateur DsFE of Yredelemnul (D:5)
  7 blink frogs
  2 culicivoras (Lair:3)
  A vampire (D:11)
  A ynoxinul (Gauntlet)
  A wraith (D:6)
  A shadow (D:8)
  A basilisk (Lair:1)
  19 yaks
  3 vampire mosquitoes (D:10)
  3 steam dragons
  2 swamp worms (Gauntlet)
  Duvessa (D:4)
  14 water moccasins
  A sky beast (D:8)
  3 orc warriors
  A black bear (D:7)
  2 ice beasts
  3 ogres
  5 wolves
  3 centaurs
  A kobold brigand (D:9)
  12 bullfrogs
  2 elf skeletons (D:6)
  A wyvern zombie (D:5)
  A gnoll sergeant (D:11)
  A scorpion (Lair:3)
  Dowan (D:4)
  12 killer bees (D:10)
  10 wights
  2 howler monkeys
  3 electric eels (Lair:3)
  A hound (D:6)
  A bullfrog zombie (D:5)
  A centaur skeleton (D:6)
  A gnoll shaman (D:9)
  A human zombie (D:6)
  2 orc priests
  4 iron imps (Gauntlet)
  Ijyb (D:4)
  2 human skeletons (D:6)
  3 orc wizards
  A killer bee zombie (D:8)
  A hound zombie (D:5)
  A hound skeleton (D:5)
  8 mummies (Ossuary)
  2 howler monkey skeletons (D:7)
  6 gnolls
  13 adders
  A shadow imp (D:8)
  2 white imps
  2 ufetubi
  2 adder skeletons (D:4)
  A worm (D:5)
  A dart slug (D:4)
  15 orcs
  3 bats
  5 endoplasms
  2 giant cockroaches (D:2)
  2 gnoll zombies (Ossuary)
  9 goblins
  3 hobgoblins
  6 jackals
  6 kobolds
  2 quokkas
  8 ball pythons
  4 frilled lizards
  2 hobgoblin zombies (Ossuary)
  An orc skeleton (D:6)
  4 orc zombies (Ossuary)
  5 rats
294 creatures vanquished.

Vanquished Creatures (others)
  46 fungi
  56 plants
102 creatures vanquished.

Grand Total: 396 creatures vanquished

Notes
Turn   | Place    | Note
-------+----------+-------------------------------------------
     0 | D:1      | siradein the Naga Transmuter began the quest for the Orb.
     0 | D:1      | Reached XP level 1. HP: 18/18 MP: 3/3
   310 | D:1      | Found Cemiaw's Jewellery Shoppe.
   339 | D:1      | Reached XP level 2. HP: 25/25 MP: 5/5
   342 | D:1      | Learned a level 2 spell: Wereblood
  1211 | D:2      | Reached XP level 3. HP: 31/31 MP: 6/6
  1215 | D:2      | Learned a level 3 spell: Spider Form
  1294 | D:2      | Found a faded altar of an unknown god.
  1785 | D:2      | Identified the ring of the Sun {rN+ Dex+2}
  1830 | D:2      | Reached XP level 4. HP: 39/39 MP: 7/7
  2034 | D:3      | Found a glowing silver altar of Zin.
  2129 | D:3      | Found a runed translucent door.
  2130 | D:3      | Noticed Crazy Yiuf
  2214 | D:3      | Found a snail-covered altar of Cheibriados.
  2252 | D:3      | Found an ornate altar of the Wu Jian Council.
  2383 | D:3      | Became a worshipper of Cheibriados the Contemplative
  2515 | D:3      | Reached skill level 1 in Poison Magic
  2780 | D:3      | Reached XP level 5. HP: 34/45 MP: 6/8
  2870 | D:4      | Noticed a lemure
  2870 | D:4      | Noticed a lemure
  2870 | D:4      | Noticed Pikel
  2870 | D:4      | Noticed a lemure
  2897 | D:4      | Killed Pikel
  2898 | D:4      | Reached XP level 6. HP: 19/56 MP: 7/11
  2898 | D:4      | Reached XP level 7. HP: 21/62 MP: 7/12
  2963 | D:4      | Reached * piety under Cheibriados
  2969 | D:4      | Learned a level 4 spell: Ice Form
  3033 | D:4      | Noticed Duvessa
  3036 | D:4      | Noticed Dowan
  3053 | D:4      | Killed Duvessa
  3071 | D:4      | Killed Dowan
  3121 | D:4      | Got the Reference Book on Creation
  3321 | D:4      | Found a staircase to the Ecumenical Temple.
  3386 | D:4      | Reached XP level 8. HP: 69/69 MP: 9/13
  3419 | D:4      | Noticed Ijyb
  3428 | D:4      | Killed Ijyb
  3429 | D:4      | Reached skill level 1 in Ice Magic
  3536 | D:5      | Entered Level 5 of the Dungeon
  3658 | D:5      | Found a runed translucent gate.
  3659 | D:5      | Found a runed translucent gate.
  3659 | D:5      | Found a runed translucent gate.
  3661 | D:5      | Noticed Cecur's ghost (amateur DsFE)
  3726 | D:5      | Found Mixoir's Magic Scroll Shop.
  3738 | D:5      | Bought a scroll of magic mapping for 42 gold pieces
  3781 | D:5      | Found Kycescha's Antique Weapon Emporium.
  3831 | D:5      | Found Honastra's Antique Armour Shop.
  4334 | D:5      | Reached ** piety under Cheibriados
  4715 | D:6      | Found a sand-covered staircase.
  4726 | Ossuary  | Entered an ossuary
  4743 | Ossuary  | Reached skill level 5 in Unarmed Combat
  5011 | D:6      | Reached XP level 9. HP: 74/78 MP: 13/15
  5144 | D:6      | Reached skill level 5 in Poison Magic
  5294 | D:6      | Reached *** piety under Cheibriados
  5298 | D:6      | Found a broken altar of Ashenzari.
  5990 | D:6      | Identified the +0 robe "Fefiteguam" {Rampage Will++}
  6175 | D:7      | Reached skill level 5 in Transmutations
  6430 | D:7      | Found a hide-covered altar of Uskayaw.
  6432 | D:7      | Noticed a +0 hand axe
  6432 | D:7      | Noticed a +0 dagger
  7050 | D:8      | Reached **** piety under Cheibriados
  7069 | D:8      | Reached skill level 5 in Fighting
  7091 | D:8      | Reached skill level 5 in Spellcasting
  7091 | D:8      | Reached XP level 10. HP: 78/84 MP: 11/17
  7252 | D:5      | Bought a smoking troll leather armour for 580 gold pieces
  7252 | D:5      | Identified the +2 troll leather armour of Benevolence {rF++
                  | rN+++ Regen+ Str-4 Dex-2} (You bought it in a shop on level
                  | 5 of the Dungeon)
  7332 | D:5      | Killed Cecur's ghost
  7345 | D:5      | Reached skill level 5 in Invocations
  7547 | D:8      | Found a transporter.
  7590 | D:8      | Found a sparkling altar of Nemelex Xobeh.
  7636 | D:8      | Found a transporter.
  8215 | D:9      | Found a staircase to the Lair.
  8215 | D:9      | Noticed a two-headed ogre
  8234 | D:9      | Killed a two-headed ogre
  8235 | D:9      | Reached skill level 5 in Dodging
  8295 | D:9      | Noticed a two-headed ogre
  8403 | D:9      | Killed a two-headed ogre
  8404 | D:9      | Reached skill level 5 in Ice Magic
  8404 | D:9      | Reached XP level 11. HP: 53/97 MP: 16/19
  8416 | D:9      | Learned a level 6 spell: Statue Form
  8419 | D:9      | Learned a level 2 spell: Blink
  8520 | D:9      | Reached ***** piety under Cheibriados
  8600 | D:9      | Reached skill level 1 in Translocations
  8600 | D:9      | Reached skill level 1 in Earth Magic
  8869 | D:10     | Entered Level 10 of the Dungeon
  8870 | D:10     | Found a blossoming altar of Fedhas.
  8875 | D:10     | Found an ancient bone altar of Kikubaaqudgha.
  9156 | D:10     | Noticed Maggie
  9212 | D:10     | Killed Maggie
  9324 | D:10     | Found a shimmering altar of Xom.
  9330 | D:10     | Noticed an orange crystal statue
  9451 | D:10     | Found a white marble altar of Elyvilon.
  9517 | D:10     | Found Tauruon's Elemental Accessories.
  9803 | D:11     | Noticed a two-headed ogre
  9807 | D:11     | Noticed a two-headed ogre
  9817 | D:11     | Killed a two-headed ogre
  9850 | D:11     | Killed a two-headed ogre
 10031 | D:11     | Noticed a cyclops
 10037 | D:11     | Killed a cyclops
 10038 | D:11     | Reached XP level 12. HP: 106/106 MP: 17/21
 10062 | D:11     | Found a staircase to the Orcish Mines.
 10198 | Lair:1   | Entered Level 1 of the Lair of Beasts
 10616 | Lair:1   | You fall into a shaft and drop 1 floor!
 10650 | Lair:2   | Found an ornate altar of the Wu Jian Council.
 10717 | Lair:2   | Reached skill level 1 in Evocations
 11915 | Lair:3   | Noticed a five-headed hydra
 11928 | Lair:3   | Killed a five-headed hydra
 12120 | Lair:3   | Found a hole to the Spider Nest.
 12133 | Lair:3   | Reached ****** piety under Cheibriados
 12344 | Lair:3   | Learned a level 7 spell: Storm Form
 12439 | Lair:3   | Identified the +5 plate armour of the Robin {rF+ MP+9}
 12449 | Lair:3   | Found a staircase to the Swamp.
 12608 | Lair:3   | Noticed a seven-headed hydra
 12614 | Lair:3   | Killed a seven-headed hydra
 12851 | Lair:4   | Gained mutation: You can use your snake-like lower body to
                  | constrict enemies. [Naga growth]
 12851 | Lair:4   | Reached XP level 13. HP: 117/117 MP: 21/24
 12905 | Lair:4   | Found a gate leading to a gauntlet.
 12970 | Gauntlet | Entered a Gauntlet
 12970 | Gauntlet | Found a transporter.
 12980 | Gauntlet | Found a transporter.
 12991 | Gauntlet | Found a transporter.
 12994 | Gauntlet | Found a transporter.
 13005 | Gauntlet | Found a transporter.
 13019 | Gauntlet | Noticed a quicksilver ooze
 13021 | Gauntlet | Found a transporter.
 13032 | Gauntlet | Found a transporter.
 13038 | Gauntlet | Noticed a great orb of eyes
 13044 | Gauntlet | Found a transporter.
 13059 | Gauntlet | Found a transporter.
 13074 | Gauntlet | Found a transporter.
 13076 | Gauntlet | Found a transporter.
 13116 | Gauntlet | Found a transporter.
 13130 | Gauntlet | Found a transporter.
 13144 | Gauntlet | Found a transporter.
 13401 | Gauntlet | Reached skill level 5 in Earth Magic
 13485 | Gauntlet | Noticed a minotaur
 13503 | Gauntlet | Slain by a minotaur

Illustrated notes

Levels and vault maps discovered:
D:1:      amcnicky_arrival_choice, layout_loops_corners, serial_shops, shop
D:2:      minmay_alternating_diamond, layout_basic,
          ebering_ecumenical_altar_webs
D:3:      layout_basic, mainiacjoe_overflow_catwalk_spiral,
          pdpol_wu_jian_five_deadly_venoms, kennysheep_potato,
          uniq_crazy_yiuf_cottage
D:4:      layout_rooms, minmay_temple_entry_antechambers, uniq_ijyb, uniq_pikel,
          uniq_duvessa
D:5:      layout_cave_pods, gammafunk_ghost_split, serial_co_window_serial,
          co_window_of_opportunity_a, co_window_of_opportunity_a,
          co_window_of_opportunity_a, co_window_paths_a, co_window_paths_a,
          co_window_broadway_c, co_window_corner_cb, co_window_2corner,
          co_window_paths_d, glass_columns_a, glass_columns_b, glass_columns_b,
          serial_shops, shop, shop, shop
D:6:      layout_loops_ring, mainiacjoe_overflow_alcove_1,
          nicolae_ossuary_entry_catacombs, minmay_microvault
D:7:      layout_loops_cross, dancing_weapons_uskayaw, minmay_misc_feat_rows
D:8:      gammafunk_steamed_eel, layout_loops_ring,
          mainiacjoe_overflow_tiny_flanked, serial_bayou_ford_a, st_stairs_11
D:9:      layout_roguey, due_lair_maze_entry_diamond
D:10:     layout_small_grid, grunt_temple_overflow_growth_and_decay,
          xom_teletrap_fun, elyvilon_altar_4, nicolae_elemental_shop,
          wad_floor_pattern_1, minivault_16, kennysheep_generic_room_3,
          uniq_maggie
D:11:     layout_cross, orc_0_dummy
Lair:1:   layout_gridlike
Lair:2:   layout_cave_pods, basic_altar
Lair:3:   layout_hall_layers, minmay_swamp_entry_eels,
          spider_nest_entry_funnel_web, beast_lair_carwin_9,
          infiniplex_staircase_pool
Lair:4:   layout_roguey, gauntlet_entry_generic, grunt_megastairs_2,
          lemuel_fruit_tree, lemuel_fruit_fields, serial_bayou_shore_a,
          serial_bayou_shore_b, serial_bayou_shore_b
Gauntlet: minmay_gauntlet_77_tree [minmay_gauntlet_arena_77_chump_sandwich,
          minmay_gauntlet_arena_77_braids,
          minmay_gauntlet_arena_77_terracotta_army,
          minmay_gauntlet_arena_77_hold_the_fort,
          minmay_gauntlet_arena_77_double_cross, minmay_gauntlet_arena_77_fan,
          minmay_gauntlet_arena_77_two_paths, dreamdust_gauntlet_exit_labyrinth]

Skill      XL: |  1  2  3  4  5  6  7  8  9 10 11 12 13 |
---------------+----------------------------------------+-----
Dodging        | 2 3 4 5 6 |  6.8
Poison Magic   | 1 3 4 6 |  6.0
Fighting       | 2 3 4 5 6 7 8 |  8.0
Unarmed Combat | 4 5 6 7 8 |  8.7
Spellcasting   | 3 4 5 6 7 |  7.6
Transmutations | 3 4 5 6 7 8 |  8.4
Invocations    | 2 3 4 6 7 8 |  8.5
Ice Magic      | 2 3 5 6 |  6.1
Translocations | 2 |  2.9
Earth Magic    | 2 4 5 |  5.1
Evocations     | 3 |  3.7

Action                   |  1- 3 |  4- 6 |  7- 9 | 10-12 | 13-15 || total
-------------------------+-------+-------+-------+-------+-------++-------
Melee: Dagger            |    47 |    40 |    14 |       |       ||   101
       Unarmed           |     2 |     2 |   174 |   410 |    24 ||   612
       Headbutt          |     5 |     5 |    27 |       |       ||    37
       Punch             |     1 |       |     9 |       |     5 ||    15
       Club              |       |       |   143 |       |       ||   143
       Staff             |       |       |       |       |    39 ||    39
       Constrict         |       |       |       |       |    11 ||    11
 Cast: Beastly Appendage |    12 |    11 |    19 |       |       ||    42
       Spider Form       |       |     1 |    19 |     4 |     1 ||    25
       Wereblood         |       |       |     2 |     8 |       ||    10
       Ice Form          |       |       |     6 |    46 |     1 ||    53
       Statue Form       |       |       |       |       |     2 ||     2
Invok: Temporal Distorti |       |       |       |     1 |       ||     1
       Step From Time    |       |       |       |       |     1 ||     1
 Abil: Spit Poison       |    23 |    14 |     6 |     8 |       ||    51
       End Transformatio |       |       |     1 |     5 |       ||     6
  Use: Scroll            |       |       |     5 |     4 |       ||     9
 Stab: Distracted        |       |       |     2 |       |       ||     2
       Sleeping          |       |       |     1 |     2 |       ||     3
Armor: Robe              |    37 |    31 |    77 |       |       ||   145
       Skin              |       |     1 |    42 |   170 |    35 ||   248
       Troll leather arm |       |       |       |     9 |     1 ||    10
Dodge: Dodged            |    42 |    24 |   262 |   433 |   106 ||   867

Table legend: (Time is in decaauts)
 A = Elapsed time spent in this place.
 B = Non-inter-level travel time spent in this place.
 C = Inter-level travel time spent in this place.
 D = Time resting spent in this place.
 E = Time spent auto-exploring this place.
 F = Levels seen in this place.
 G = Mean time per level.
                   A        B        C        D        E       F      G
               +--------+--------+--------+--------+--------+-----+--------+
         Total |  24249 |  22156 |   2093 |    543 |  18140 |  17 | 1426.4 |
       Dungeon |  16966 |  15171 |   1795 |    416 |  12441 |  11 | 1542.4 |
          Lair |   5709 |   5411 |    298 |     66 |   4700 |   4 | 1427.2 |
       Ossuary |    366 |    366 |      0 |      0 |    234 |   1 |  366.0 |
      Gauntlet |   1207 |   1207 |      0 |     61 |    765 |   1 | 1207.0 |
               +--------+--------+--------+--------+--------+-----+--------+

Top non-repeatable levels by time:
     D:6: 2739 daAuts
     D:5: 2379 daAuts
  Lair:2: 2147 daAuts
    D:10: 1890 daAuts
  Lair:1: 1669 daAuts
  Lair:3: 1611 daAuts
     D:7: 1588 daAuts
     D:8: 1578 daAuts
     D:9: 1463 daAuts
     D:1: 1366 daAuts
Gauntlet: 1207 daAuts
     D:2: 1153 daAuts
     D:4: 1122 daAuts
     D:3: 1072 daAuts
    D:11: 610 daAuts
